Map: Beladona LE

Players

YzBrYhAn

  • Race: Protoss Protoss
  • League: Platinum
  • Spawn Location: 5:00

LowLinK - Winner!

  • Race: Protoss Protoss
  • League: Diamond
  • Spawn Location: 11:00

VOD

Have the link to the VOD?

Description

Time

  • Played on: Feb. 18, 2020, 11:25 a.m.
  • Length: 7:20
Show
View Real Time Build Order
Export as new Build Order

YzBrYhAn Protoss 

Build Orders: Cannon Rush 

Get SALT Encoding   

  12  0:01  Probe (Chrono Boost)  
  13  0:10  Probe (Chrono Boost)  
  14  0:21  Pylon  
  14  0:23  Probe  
  15  0:39  Probe  
  15  0:41  Forge  
  16  0:51  Probe  
  17  1:03  Probe, Pylon  
  18  1:07  Pylon  
  18  1:15  Probe  
  19  1:21  Photon Cannon  
  19  1:25  Photon Cannon  
  19  1:27  Probe  
  20  1:37  Photon Cannon  
  20  1:40  Probe  
  21  1:52  Gateway  
  21  2:01  Pylon  
  21  2:02  Probe  
  22  2:14  Probe  
  23  2:16  Pylon  
  23  2:19  Pylon  
  23  2:28  Probe, Pylon  
  24  2:35  Photon Cannon  
  24  2:43  Cybernetics Core  
  24  2:45  Zealot  
  26  2:52  Pylon  
  26  3:00  Photon Cannon  
  25  3:13  Probe  
  25  3:15  Assimilator  
  25  3:18  Assimilator  
  26  3:26  Probe, Zealot  
  29  3:52  Photon Cannon  
  29  4:00  Photon Cannon  
  29  4:14  Shield Battery  
  29  4:15  Photon Cannon  
  27  4:32  Pylon  
  27  4:33  Warp Gate (Chrono Boost)  
  25  4:41  Pylon  
  24  4:57  Gateway  
  24  5:10  Nexus  
  26  5:22  Pylon  
  26  5:25  Probe, Pylon  
  26  5:27  Pylon  
  27  5:36  Gateway  
  27  5:40  Pylon  
  27  5:44  Pylon  
  27  5:46  Stalker  
  29  5:51  Robotics Facility  
  29  6:03  Probe  
  30  6:09  Gateway  
  30  6:15  Probe  
  30  6:17  Cybernetics Core  
  31  6:20  Gateway  
  31  6:25  Probe (Chrono Boost)  
  32  6:29  Probe (Chrono Boost)  
  33  6:37  Probe (Chrono Boost)  
  35  6:41  Probe (Chrono Boost)  
  32  6:54  Stalker  
  32  6:56  Stalker  
  27  7:03  Shield Battery  
  27  7:13  Zealot  
Show
View Real Time Build Order
Export as new Build Order

LowLinK Protoss - Winner!

Build Orders:  

Get SALT Encoding   

  12  0:01  Probe  
  13  0:13  Probe  
  14  0:18  Pylon  
  14  0:25  Probe  
  15  0:36  Gateway  
  15  0:37  Probe  
  16  0:49  Probe (Chrono Boost)  
  17  0:51  Assimilator  
  17  0:56  Assimilator  
  17  1:01  Probe (Chrono Boost)  
  18  1:07  Probe (Chrono Boost)  
  19  1:13  Pylon  
  19  1:15  Probe  
  20  1:23  Cybernetics Core  
  20  1:27  Probe  
  22  1:40  Probe  
  22  1:47  Pylon  
  22  1:52  Probe  
  23  1:55  Pylon  
  23  2:01  Warp Gate (Chrono Boost)  
  23  2:13  Gateway  
  23  2:18  Stalker (Chrono Boost)  
  25  2:40  Gateway  
  24  2:46  Gateway  
  24  3:01  Gateway  
  24  3:06  Adept  
  24  3:12  Gateway  
  26  3:37  Probe  
  26  3:40  Zealot  
  26  3:41  Zealot  
  29  3:58  Stalker x2  
  29  4:01  Stalker  
  35  4:21  Stalker x2  
  35  4:22  Stalker x2  
  31  4:57  Stalker x3  
  31  4:58  Stalker x2  
  21  5:21  Stalker x2  
  21  5:22  Stalker x2  
  21  5:24  Sentry  
  31  5:35  Pylon  
  29  6:03  Stalker x3  
  33  6:07  Zealot  
  33  6:09  Adept  
  37  6:17  Probe  
  38  6:23  Stalker  
  40  6:31  Stalker  
  41  7:00  Stalker x2  
  41  7:01  Stalker  
Tags
 
Add a new tag
Caveats
  • Supply blocks, unpowered buildings, or Contaminate may cause inaccurate times.
  • Supply counts are checked every 10 seconds.